 Dungeon Crawl Stone Soup version 0.31-a0-210-gccc998df9b (webtiles) character file.

Game seed: 12995141801269710948

5 kae the Insei (level 1, 0/15 HPs)
             Began as a Demonspawn Transmuter on June 30, 2023.
             Slain by a goblin
             ... wielding a +0 dagger
              (4 damage)
             ... on level 1 of the Dungeon.
             The game lasted 00:00:14 (179 turns).

kae the Insei (Demonspawn Transmuter)                Turns: 179, Time: 00:00:15

Health: 0/15       AC:  2    Str: 10    XL:     1   Next: 66%
Magic:  2/3        EV: 12    Int: 14    God:
Gold:   14         SH:  0    Dex: 13    Spells: 3/4 levels left

rFire   . .          .
                       - Unarmed
rCold   . . .        (no shield)
rNeg    . . .        a - +0 robe
rPois   .            (helmet currently unavailable)
rElec   .            (no cloak)
rCorr   .            (no gloves)
SInv    .            (boots currently unavailable)
Will    .....        (no amulet)
Stlth   +            (no ring)
HPRegen 0.22/turn    (no ring)
MPRegen 0.08/turn

%: no passive effects
@: appendages (expiring)
A: horns 2, talons 2
a: End Transformation


You were on level 1 of the Dungeon.
You had temporarily grown beastly horns and talons.
You visited 1 branch of the dungeon, and saw 1 of its levels.

You collected 14 gold pieces.


Innate Abilities, Weirdness & Mutations

You have temporarily grown beastly horns and talons.


   Skills:
 - Level 1.0 Fighting
 - Level 1.7 Dodging
 + Level 2.7 Unarmed Combat
 + Level 2.1 Spellcasting
 * Level 2.0 Transmutations


You had 3 spell levels left.
You knew the following spells:

 Your Spells              Type           Power      Damage    Failure   Level
a - Beastly Appendage     Tmut           14%        N/A       10%         1

Your spell library contained the following spells:

 Spells                   Type           Power      Damage    Failure   Level
 Wereblood                Tmut           7%         N/A       16%         2
 Spider Form              Tmut/Pois      4%         N/A       43%         3
 Ice Form                 Ice/Tmut       4%         N/A       83%         4

Inventory:

Armour
 a - a +0 robe (worn)
Potions
 b - a potion of lignification {!q}
 c - a potion of enlightenment {unknown}

Dungeon Overview and Level Annotations

Branches:
Dungeon (1/15) Zot: 5820

Altars:

### #.. #.# #.# #.#
#.# #@# # #g#
..###.###.#########
......g........†..#
..........#######.#
#.###.##### #.# #.#
#.# #.# ###### #.#
#.. ..##.# #.#


You could see a goblin.


Message History

A bat is nearby!
You hit the bat. Your headbutt misses the bat.
Your transformation is almost over.
The bat hits you but does no damage. The bat hits you.
The bat barely misses you. 😕 HP[-1]
You take 1 damage, and now have 14/15 hp.
You hit the bat. Your kick misses the bat. The bat hits you.
The bat hits you but does no damage.
A bat is nearby!
You miss the bat. Your kick misses the bat. The bat misses you.
The bat hits you but does no damage. x2
You completely miss the bat. Your kick misses the bat.
Your headbutt misses the bat. The bat barely misses you. 😕 MP[+1]
Your mp is fully restored (3).
A bat is nearby!
The bat misses you. The bat closely misses you. 😎 HP[+1]
Your hp is fully restored (15).
A bat is nearby!
Unknown command.
The bat closely misses you.
You barely miss the bat. Your kick misses the bat. The bat hits you. 😕 HP[-1]
You take 1 damage, and now have 14/15 hp.
A hobgoblin comes into view.
Your horns disappear.
Your talons disappear.
The hobgoblin shouts!
The bat closely misses you. The bat closely misses you. 😎 HP[+1]
Your hp is fully restored (15).
There are monsters nearby!
You barely miss the bat. The bat closely misses you.
The bat hits you but does no damage.
You closely miss the bat. The bat closely misses you.
The bat hits you but does no damage. The hobgoblin barely misses you.
You hit the bat but do no damage. The bat hits you.
A goblin comes into view. It is wielding a +0 dagger.
The hobgoblin closely misses you. 😕 HP[-1]
You take 1 damage, and now have 14/15 hp.
There are monsters nearby!
The goblin shouts!
You hit the hobgoblin but do no damage. The bat misses you.
The hobgoblin hits you.
You barely miss the hobgoblin. The bat closely misses you.
The hobgoblin closely misses you. 😕 HP[-1]
You take 1 damage, and now have 13/15 hp.
You hit the bat but do no damage. The bat closely misses you.
The bat hits you but does no damage.
The hobgoblin hits you but does no damage.
You hit the bat.
You kill the bat!
The hobgoblin closely misses you.
Your Transmutations skill increases to level 2!
Unknown command.
The hobgoblin attacks as you move away! The hobgoblin barely misses you.
The hobgoblin attacks as you move away! The hobgoblin hits you. 😕 HP[-1]
You take 1 damage, and now have 12/15 hp.
The hobgoblin attacks as you move away! The hobgoblin hits you. 😮 HP[-3]
You take 3 damage, and now have 9/15 hp.
Casting: Beastly Appendage (safe; 11% risk of failure)
Confirm with . or Enter, or press ? or * to list all spells.
You grow a pair of large bovine horns.
Your feet morph into talons.
The hobgoblin hits you.
* * * LOW HITPOINT WARNING * * *
The hobgoblin closely misses you. 😨 HP[-2] MP[-1]
You take 2 damage, and now have 7/15 hp.
You lost 1 mp, and now have 2/3 mp.
You closely miss the hobgoblin. Your kick misses the hobgoblin.
Your headbutt misses the hobgoblin. The hobgoblin closely misses you.
You are too injured to fight recklessly!
You are too injured to fight recklessly!
You barely miss the hobgoblin. The hobgoblin barely misses you.
You are too injured to fight recklessly!
You are too injured to fight recklessly!
You barely miss the hobgoblin. Your kick misses the hobgoblin.
The hobgoblin hits you.
* * * LOW HITPOINT WARNING * * *
😱 HP[-4]
You take 4 damage, and now have 3/15 hp.
MASSIVE DAMAGE!! (PAUSE)
You hit the hobgoblin. You hit the hobgoblin.
You claw the hobgoblin, but do no damage.
The hobgoblin barely misses you. 😨 HP[+1] Unknown command.
You hit the hobgoblin but do no damage. You claw the hobgoblin.
You kill the hobgoblin!
You completely miss the goblin. Your kick misses the goblin.
The goblin hits you with a +0 dagger.
You die...

Skill      XL: |  1 |
---------------+----+-----
Transmutations | 2 |  2.0
Fighting       | |  1.0
Dodging        | |  1.7
Unarmed Combat | |  2.7
Spellcasting   | |  2.1

Action                     || total
---------------------------++-------
  Melee: Unarmed           ||    25
         Kick              ||     4
         Headbutt          ||     1
   Cast: Beastly Appendage ||     4
   Stab: Sleeping          ||     2
 Armour: Robe              ||     8
  Dodge: Dodged            ||    29

Levels and vault maps discovered:
D:1:      ldierk_walled_garden, layout_basic, glass_columns_a

Notes
Turn   | Place    | Note
-------+----------+-------------------------------------------
     0 | D:1      | kae the Demonspawn Transmuter began the quest for the Orb.
     0 | D:1      | Reached XP level 1. HP: 15/15 MP: 3/3
     0 | D:1      | magus.rc [v1.11.3]
   167 | D:1      | Reached skill level 2 in Transmutations
   175 | D:1      | HP: 3/15 [hobgoblin (4)]
   179 | D:1      | Slain by a goblin

Vanquished Creatures
  A bat (D:1)
  A goblin (D:1)
  A hobgoblin (D:1)
  2 rats (D:1)
5 creatures vanquished.

Table legend:
 A = Non-vault XP
 B = Vault XP
 C = Vault XP percentage of total XP
 D = Non-vault monster count
 E = Vault monster count
 F = Vault count percentage of total count
                 A         B        C        D         E       F
            +---------+---------+-------+---------+---------+-------
      Total |       8 |       0 |   0.0 |       5 |       0 |   0.0
            +---------+---------+-------+---------+---------+-------
        D:1 |       8 |       0 |   0.0 |       5 |       0 |   0.0
            +---------+---------+-------+---------+---------+-------

Skill      XL: |  1 |
---------------+----+-----
Transmutations | 2 |  2.0
Fighting       | |  1.0
Dodging        | |  1.7
Unarmed Combat | |  2.7
Spellcasting   | |  2.1

Action                     || total
---------------------------++-------
  Melee: Unarmed           ||    25
         Kick              ||     4
         Headbutt          ||     1
   Cast: Beastly Appendage ||     4
   Stab: Sleeping          ||     2
 Armour: Robe              ||     8
  Dodge: Dodged            ||    29

Illustrated notes

Table legend:
 A = Kills in this place as a percentage of kills in the entire game.
 B = Kills by you in this place as a percentage of kills by you in the entire game.
 C = Kills by friends in this place as a percentage of kills by friends in the entire game.
 D = Other kills in this place as a percentage of other kills in the entire game.
 E = Experience gained in this place as a percentage of experience gained in the entire game.
 F = Experience gained in this place divided by the number of levels of this place that you have seen.
                   A       B       C       D       E      F
               +-------+-------+-------+-------+-------+----------------------
         Total | 100.0 | 100.0 |   N/A |   N/A | 100.0 |   8.0
       Dungeon | 100.0 | 100.0 |   N/A |   N/A | 100.0 |   8.0
               +-------+-------+-------+-------+-------+----------------------

Table legend: (Time is in decaauts)
 A = Elapsed time spent in this place.
 B = Non-inter-level travel time spent in this place.
 C = Inter-level travel time spent in this place.
 D = Time resting spent in this place.
 E = Time spent auto-exploring this place.
 F = Levels seen in this place.
 G = Mean time per level.
                   A        B        C        D        E       F      G
               +--------+--------+--------+--------+--------+-----+--------+
         Total |    178 |    178 |      0 |      0 |    124 |   1 |  178.0 |
       Dungeon |    178 |    178 |      0 |      0 |    124 |   1 |  178.0 |
               +--------+--------+--------+--------+--------+-----+--------+

Top non-repeatable levels by time:
     D:1: 178 daAuts
